[Event "Titled Tuesday Blitz November 15 Early 2022"]
[White "Ibadov, Dashgyn"]
[Black "Tarasova, Viktoriya"]
[WhiteFideId "24107514"]
[BlackFideId "4175840"]
[WhiteElo "2208"]
[BlackElo "2182"]
[Result "1-0"]
[Round "10"]
[TimeControl "180+1"]
[Date "2022.11.16"]
[WhiteClock "0:00:27"]
[BlackClock "0:00:13"]

1. e4 e5 2. Nf3 Nc6 3. d4 exd4 4. Nxd4 Nf6 5. Nc3 Bb4 6. Nxc6 bxc6 7. Bd3 O-O 8. O-O d5 9. exd5 cxd5 10. Qf3 c6 11. Bg5 Bd6 12. Rae1 Rb8 13. Nd1 h6 14. Bxf6 Qxf6 15. Qxf6 gxf6 16. b3 Be6 17. Ne3 Rfe8 18. Nf5 Bxf5 19. Bxf5 c5 20. g3 Re5 21. Bg4 Rbe8 22. Rd1 Bc7 23. Bf3 d4 24. Bc6 R8e6 25. Bb5 a5 26. Bc4 Re8 27. a4 Kg7 28. Kg2 f5 29. Rd3 Re2 30. Rc1 Kg6 31. Rf3 R2e5 32. Bd3 Kf6 33. g4 Rg8 34. Bxf5 h5 35. Bh7+ Kg7 36. Bxg8 Kxg8 37. Rf5 Rxf5 38. gxf5 Bf4 39. Re1 Kg7 40. Re8 Kf6 41. Rc8 Kxf5 42. Rxc5+ Ke4 43. Rxa5 1-0


[Site "https://www.chess.com"]

[Event "Titled Tuesday Blitz November 15 Early 2022"]
[White "Indjic, Aleksandar"]
[Black "Timofeev, Artyom"]
[WhiteFideId "911925"]
[BlackFideId "4140419"]
[WhiteElo "2592"]
[BlackElo "2586"]
[Result "0-1"]
[Round "10"]
[TimeControl "180+1"]
[Date "2022.11.15"]
[WhiteClock "0:00:23"]
[BlackClock "0:01:32"]

1. d4 d5 2. c4 e6 3. Nf3 c6 4. Qc2 Nf6 5. Nbd2 Be7 6. g4 O-O 7. g5 Nfd7 8. h4 c5 9. cxd5 exd5 10. dxc5 Nxc5 11. b4 Ne4 12. Nxe4 dxe4 13. Qxe4 Nc6 14. a3 Be6 15. Bb2 Bd5 16. Qg4 Qb6 17. Bg2 a5 18. O-O axb4 19. a4 b3 20. h5 Qb4 21. Qg3 Bd6 22. Qh4 Qxh4 23. Nxh4 Bxg2 24. Kxg2 Rfe8 25. Nf5 Be5 26. Rfb1 g6 27. hxg6 hxg6 0-1


[Site "https://www.chess.com"]

[Event "Titled Tuesday Blitz November 15 Early 2022"]
[White "Itgelt, Khuyagtsogt"]
[Black "Vokhidov, Shamsiddin"]
[WhiteFideId "4902912"]
[BlackFideId "14204223"]
[WhiteElo "2682"]
[BlackElo "2903"]
[Result "0-1"]
[Round "10"]
[TimeControl "180+1"]
[Date "2022.11.16"]
[WhiteClock "0:00:18"]
[BlackClock "0:02:05"]

1. d4 Nf6 2. c4 e6 3. Nf3 d5 4. Nc3 Bb4 5. Qa4+ Nc6 6. e3 O-O 7. Bd2 dxc4 8. Bxc4 Bd6 9. Qc2 a6 10. a3 e5 11. dxe5 Nxe5 12. Nxe5 Bxe5 13. Be2 Re8 14. Bf3 c6 15. O-O Bf5 16. e4 Bg6 17. Rad1 Qc7 18. g3 Bxc3 19. Bxc3 Bxe4 20. Bxe4 Nxe4 21. Rfe1 Nxc3 22. Qxc3 h6 23. Kg2 Rad8 24. h4 Rxe1 25. Rxe1 c5 26. b4 c4 27. Qf3 c3 28. Rc1 c2 29. Qe4 Rc8 30. h5 b5 31. Kg1 Qc3 32. Qf5 Rc4 33. Kh2 Qd2 0-1


[Site "https://www.chess.com"]

[Event "Titled Tuesday Blitz November 15 Early 2022"]
[White "Janaszak, Dawid"]
[Black "Stribuk, Artiom"]
[WhiteFideId "1119206"]
[BlackFideId "13515659"]
[WhiteElo "2226"]
[BlackElo "2371"]
[Result "0-1"]
[Round "10"]
[TimeControl "180+1"]
[Date "2022.11.16"]
[WhiteClock "0:00:09"]
[BlackClock "0:00:07"]

1. d4 Nf6 2. Bf4 g6 3. Nf3 Bg7 4. c3 O-O 5. e3 d6 6. Nbd2 Nc6 7. Be2 Nh5 8. O-O Nxf4 9. exf4 e5 10. fxe5 dxe5 11. dxe5 Nxe5 12. Nxe5 Bxe5 13. Nf3 Bf6 14. Qb3 c6 15. Qa4 Qb6 16. Qf4 Kg7 17. Qc1 Bf5 18. Rd1 Rad8 19. h3 Rxd1+ 20. Bxd1 Re8 21. a4 a5 22. Qd2 Rd8 23. Qc1 Be4 24. Ra3 Qc5 25. Rb3 Rd7 26. Be2 Bd5 27. c4 Be6 28. Re3 Qb4 29. b3 h5 30. h4 Bg4 31. Qe1 Qxe1+ 32. Nxe1 Bf5 33. Nf3 Bg4 34. g3 Kf8 35. Kg2 Be7 36. Ne5 Rd4 37. Nxg4 hxg4 38. f3 gxf3+ 39. Kxf3 Bc5 40. Re4 Rd2 41. g4 Rb2 42. h5 Rxb3+ 43. Kg2 gxh5 44. gxh5 Rb2 45. h6 Kg8 46. Kf3 Kh7 47. Rh4 Rb3+ 48. Ke4 Re3+ 49. Kf5 Rxe2 50. Kf6 Be7+ 0-1


[Site "https://www.chess.com"]

[Event "Titled Tuesday Blitz November 15 Early 2022"]
[White "Jarmula, Lukasz"]
[Black "Gokerkan, Cem Kaan"]
[WhiteFideId "1160664"]
[BlackFideId "6336760"]
[WhiteElo "2357"]
[BlackElo "2365"]
[Result "0-1"]
[Round "10"]
[TimeControl "180+1"]
[Date "2022.11.15"]
[WhiteClock "0:00:13"]
[BlackClock "0:00:15"]

1. b3 a5 2. a4 d5 3. Bb2 Bf5 4. d3 e6 5. Nd2 Nf6 6. g3 h6 7. Bg2 c6 8. e4 Bh7 9. Nh3 Be7 10. O-O Nbd7 11. e5 Ng8 12. Qg4 Bf8 13. Nf4 Ne7 14. Qe2 Nf5 15. Nf3 Be7 16. Nd4 Nxd4 17. Bxd4 O-O 18. Bh3 c5 19. Bb2 Ra6 20. Bg2 Bg5 21. Nh5 Bg6 22. f4 Be7 23. Bh3 c4 24. d4 cxb3 25. cxb3 Rb6 26. f5 exf5 27. Bxf5 Bxh5 28. Qxh5 g6 29. Qxh6 gxf5 30. Qh5 Rg6 31. Rxf5 Qb6 32. Raf1 Rh6 33. Qf3 Qe6 34. Bc1 Rh7 35. Rf4 f6 36. Rg4+ Kh8 37. Rg6 Qh3 38. Qe2 fxe5 39. Rxf8+ Bxf8 40. dxe5 Bc5+ 41. Kh1 Qf5 42. e6 Qxg6 43. Bb2+ d4 44. exd7 Rxd7 45. Qe5+ Kh7 46. Qxc5 Qc6+ 47. Qxc6 bxc6 48. Bc1 d3 49. Bd2 Re7 50. Bxa5 Re2 51. Kg1 d2 52. Bxd2 Rxd2 0-1


[Site "https://www.chess.com"]

[Event "Titled Tuesday Blitz November 15 Early 2022"]
[White "Jones, Gawain C B"]
[Black "Ginzburg, Yakov"]
[WhiteFideId "409561"]
[BlackFideId "4157176"]
[WhiteElo "2657"]
[BlackElo "2305"]
[Result "1-0"]
[Round "10"]
[TimeControl "180+1"]
[Date "2022.11.15"]
[WhiteClock "0:00:07"]
[BlackClock "0:00:02"]

1. e4 c5 2. Nc3 e6 3. Nf3 Nc6 4. Bb5 g6 5. d4 cxd4 6. Nxd4 Bg7 7. Be3 Nge7 8. Nxc6 Nxc6 9. Bxc6 dxc6 10. Qxd8+ Kxd8 11. O-O-O+ Kc7 12. f4 e5 13. Bc5 Bf8 14. Bxf8 Rxf8 15. fxe5 Bg4 16. Rd2 Rae8 17. h3 Bc8 18. Rf1 Rxe5 19. Rf6 Re6 20. Rf4 Re5 21. h4 Be6 22. Ne2 c5 23. Ng1 g5 24. hxg5 Rxg5 25. Nf3 Rg3 26. Rh4 Rfg8 27. Rxh7 Rxg2 28. b3 Rxd2 29. Nxd2 Rg2 30. Rh5 b6 31. a4 Kd6 32. Nb1 Bg4 33. Rd5+ Kc6 34. Nc3 Be6 35. Rd8 a6 36. Ra8 Kb7 37. Rh8 Kc6 38. Rh6 b5 39. Kb2 b4 40. Nd5 Kd6 41. Rh5 Re2 42. Nf6 Ke7 43. Ng8+ Kf8 44. Nf6 Ke7 45. Rh6 Rf2 46. Ng8+ Kf8 47. Rf6 Rh2 48. Rh6 Rg2 49. Nf6 Kg7 50. Rh5 Kxf6 51. Rxc5 Re2 52. Rc6 Rxe4 53. Rxa6 Ke5 54. Ra5+ Kd4 55. Rb5 Ke3 56. a5 Rd4 57. a6 Bd5 58. a7 Be4 59. Rb8 f5 60. Re8 Kd2 61. Rxe4 fxe4 62. a8=Q e3 63. Qa7 Re4 64. Qd7+ Ke2 65. Qd3+ Kf3 66. Kc1 Kf4 67. Kd1 e2+ 68. Ke1 Ke5 69. Qd8 Kf4 70. Qd6+ Ke3 71. Qc5+ Kf4 72. Qd5 Ke3 73. Qd2+ Kf3 74. c4 bxc3 75. Qxc3+ Re3 76. Qf6+ Ke4 77. Qd6 Rd3 78. Qe6+ Kd4 79. Kxe2 Rc3 80. Kd2 Rd3+ 81. Kc2 Re3 82. Qc4+ Ke5 83. b4 Re4 84. Qc5+ Ke6 85. Kb3 Kd7 86. b5 Re6 87. Kb4 Re4+ 88. Ka5 Re1 89. Qc6+ Kd8 90. Kb6 Re6 91. Kb7 Re7+ 92. Kb8 Rd7 93. b6 Re7 94. Qc7+ Ke8 95. Qxe7+ Kxe7 96. Kc7 1-0


[Site "https://www.chess.com"]

[Event "Titled Tuesday Blitz November 15 Early 2022"]
[White "Kaidanov, Gregory"]
[Black "Gonzalez, Francisco Silva"]
[WhiteFideId "2008564"]
[BlackFideId "1512285"]
[WhiteElo "2605"]
[BlackElo "2159"]
[Result "1-0"]
[Round "10"]
[TimeControl "180+1"]
[Date "2022.11.16"]
[WhiteClock "0:01:59"]
[BlackClock "0:02:19"]

1. d4 Nf6 2. Nf3 d5 3. c4 e6 4. g3 dxc4 5. Bg2 Nc6 6. Qa4 Bb4+ 7. Bd2 Nd5 8. Bxb4 Nxb4 9. O-O a6 10. Nc3 Bd7 11. a3 b5 12. Qd1 Nd5 13. Ne4 O-O 14. Nc5 Na5 15. Ne5 c6 16. Nexd7 Nb3 17. Nxb3 Qxd7 18. Nc5 Qe7 19. e4 Nf6 20. b3 cxb3 21. Qxb3 Rfd8 22. Rfd1 Rd6 23. e5 Rd5 24. exf6 gxf6 25. Bxd5 exd5 26. Re1 Qd6 27. Qf3 a5 28. Qg4+ Kh8 29. Qd7 Qf8 30. Qxc6 Qe8 31. Rxe8+ Kg7 32. Rxa8 b4 33. Nd7 Kg6 34. Qxf6+ Kh5 35. Rg8 1-0


[Site "https://www.chess.com"]

[Event "Titled Tuesday Blitz November 15 Early 2022"]
[White "Kamsky, Gata"]
[Black "Gabrielian, Artur"]
[WhiteFideId "2000024"]
[BlackFideId "4131002"]
[WhiteElo "2666"]
[BlackElo "2432"]
[Result "1-0"]
[Round "10"]
[TimeControl "180+1"]
[Date "2022.11.15"]
[WhiteClock "0:00:41"]
[BlackClock "0:00:02"]

1. e4 c5 2. Nf3 d6 3. d4 cxd4 4. Nxd4 Nf6 5. Nc3 Nc6 6. Bg5 e6 7. Qd2 a6 8. f3 Bd7 9. h4 Be7 10. O-O-O O-O 11. g4 b5 12. Nxc6 Bxc6 13. Ne2 Rc8 14. Nd4 Bd7 15. Kb1 Qc7 16. Bd3 Rfe8 17. h5 e5 18. Ne2 h6 19. Bh4 Nh7 20. Bxe7 Rxe7 21. Nc3 Be6 22. a3 Ng5 23. Be2 Rd7 24. f4 exf4 25. Qxf4 Qb6 26. Nd5 Bxd5 27. exd5 Re7 28. Bd3 Re5 29. Rhe1 Rce8 30. Rxe5 Rxe5 31. Bf5 a5 32. b4 axb4 33. Qxb4 Re7 34. c4 Rb7 35. cxb5 Nf3 36. a4 Ne5 37. Bd3 Rb8 38. Be2 Qe3 39. Rd2 Nd7 40. Qd4 Qa3 41. Ra2 Qg3 42. Rb2 Nc5 43. b6 Qe1+ 44. Ka2 Qa5 45. Rb5 Qe1 46. Bd1 Rb7 47. a5 Qf1 48. Rb1 Qa6 49. Qb4 Qd3 50. Qb5 Qxd5+ 51. Bb3 Qg2+ 52. Rb2 Qg1 53. Bd5 Rb8 54. a6 Qd4 55. Qc4 Qe3 56. a7 Re8 57. b7 1-0


[Site "https://www.chess.com"]

[Event "Titled Tuesday Blitz November 15 Early 2022"]
[White "Kaplan, Avi Harrison"]
[Black "Shapiro, Daniel"]
[WhiteFideId "30934559"]
[BlackFideId "2001780"]
[WhiteElo "1983"]
[BlackElo "2313"]
[Result "0-1"]
[Round "10"]
[TimeControl "180+1"]
[Date "2022.11.16"]
[WhiteClock "0:00:02"]
[BlackClock "0:00:18"]

1. a3 g6 2. c4 Bg7 3. Nc3 e5 4. e4 a5 5. g3 Nc6 6. Bg2 Nge7 7. Nge2 d6 8. O-O O-O 9. d3 Be6 10. Be3 h6 11. h3 f5 12. Qd2 Kh7 13. Kh2 g5 14. exf5 Nxf5 15. Be4 Kh8 16. Nd5 Qd7 17. Bg2 Nxe3 18. fxe3 Rab8 19. Nec3 b6 20. Ne4 Ne7 21. Ndf6 Qd8 22. Nh5 Nf5 23. Nxg7 Kxg7 24. Rf2 Ne7 25. Raf1 Ng6 26. Rxf8 Nxf8 27. Rf6 Qe7 28. Qf2 Nd7 29. Rf3 g4 30. hxg4 Bxg4 31. Bh3 Bxf3 32. Qxf3 Nf6 33. Nf2 Rf8 34. Bf5 Nh7 35. g4 Qh4+ 36. Kg2 Ng5 37. Qc6 h5 38. Qxc7+ Rf7 39. Qxd6 hxg4 40. Qg6+ Kf8 41. Qd6+ Kg7 42. Qxe5+ Rf6 43. Qe7+ Rf7 44. Qe5+ Rf6 45. Nxg4 Qh3+ 46. Kf2 Qf3+ 47. Ke1 Qxf5 48. Qxf6+ Qxf6 49. Nxf6 Kxf6 50. b4 a4 51. Kd2 Ke5 52. Kc3 Kd6 53. d4 Ne4+ 54. Kd3 Nf2+ 55. Ke2 Ng4 56. Kd3 Nf6 57. c5+ bxc5 58. b5 cxd4 0-1


[Site "https://www.chess.com"]

[Event "Titled Tuesday Blitz November 15 Early 2022"]
[White "Khamdamova, Afruza"]
[Black "Tregubov, Pavel V."]
[WhiteFideId "14210444"]
[BlackFideId "4115341"]
[WhiteElo "2018"]
[BlackElo "2448"]
[Result "0-1"]
[Round "10"]
[TimeControl "180+1"]
[Date "2022.11.16"]
[WhiteClock "0:00:28"]
[BlackClock "0:00:34"]

1. e4 c5 2. Nf3 e6 3. d4 cxd4 4. Nxd4 Nc6 5. Nc3 Nf6 6. Nxc6 bxc6 7. e5 Nd5 8. Ne4 Qc7 9. f4 Qb6 10. c4 Bb4+ 11. Ke2 f5 12. exf6 Nxf6 13. Be3 Qd8 14. Nd6+ Bxd6 15. Qxd6 Bb7 16. c5 Ba6+ 17. Kf3 Bxf1 18. Rhxf1 Qb8 19. Bd4 Qxd6 20. cxd6 Kf7 21. g4 Rhb8 22. f5 exf5 23. gxf5 Rb5 24. Kg3 Rd5 25. Bxf6 Kxf6 26. Rad1 Rxd1 27. Rxd1 Re8 28. Rd3 Re2 29. Ra3 Kxf5 30. Rxa7 Ke6 31. b4 Kxd6 32. a4 Re3+ 33. Kf2 Rh3 34. Kg2 Ra3 35. a5 g5 36. Ra8 Kd5 37. Rh8 Kc4 38. Rxh7 d5 39. Rc7 Kxb4 40. Rxc6 Rxa5 41. Kg3 Rc5 42. Rd6 Kc3 43. Kg4 d4 44. Kf3 d3 45. Ke3 Re5+ 46. Kf2 d2 47. Rc6+ Kd3 48. Rd6+ Kc2 49. Rc6+ Kd1 50. Rc3 Rf5+ 51. Kg2 Ke2 52. Rc2 Ke1 0-1


[Site "https://www.chess.com"]

[Event "Titled Tuesday Blitz November 15 Early 2022"]
[White "Kirillov, Dmitry"]
[Black "Buksa, Nataliya"]
[WhiteFideId "34180572"]
[BlackFideId "14123622"]
[WhiteElo "2477"]
[BlackElo "2609"]
[Result "0-1"]
[Round "10"]
[TimeControl "180+1"]
[Date "2022.11.16"]
[WhiteClock "0:00:03"]
[BlackClock "0:00:49"]

1. e4 c5 2. Nc3 Nc6 3. f4 d6 4. Nf3 g6 5. Bc4 Bg7 6. d3 Nf6 7. O-O O-O 8. h3 a6 9. a4 Rb8 10. Be3 Ne8 11. g4 Nc7 12. f5 b5 13. Ba2 b4 14. Nd5 Nxd5 15. Bxd5 Bd7 16. Ng5 Ne5 17. Qe1 h6 18. Nxf7 Nxf7 19. fxg6 e6 20. gxf7+ Rxf7 21. Rxf7 Kxf7 22. Bb3 Kg6 23. Qg3 Qe7 24. Rf1 Rf8 25. Rxf8 Qxf8 26. h4 Bxb2 27. h5+ Kh7 28. Bf4 Bd4+ 29. Kg2 e5 30. Bd2 Qg7 31. g5 hxg5 32. Bxg5 Bc3 33. Be3 Qxg3+ 34. Kxg3 Be1+ 35. Kg2 a5 36. Bg5 Bc3 37. Bd8 Bc6 38. Bxa5 c4 39. Bxc4 Bxa4 40. Bc7 Bxc2 41. Bxd6 b3 42. Ba3 b2 43. Bxb2 Bxb2 44. Kf3 Bd1+ 45. Ke3 Kh6 46. Kd2 Bxh5 47. Bd5 Bd4 48. Kc2 Kg5 49. Kd2 Kf4 50. Kc2 Ke3 51. Bc4 Be2 52. Bb5 Bb6 53. Bc4 Ba5 54. Bb5 Kf2 55. Bc4 Ke1 56. Bb5 Bd1+ 57. Kc1 Bc3 58. Bc4 Ba4 59. Ba6 Bd4 60. Bc4 Ke2 61. Ba6 Kf3 62. Bc4 Kg4 63. Ba6 Kg5 64. Bc4 Kf6 65. Ba6 Ke6 66. Bc4+ Kd6 67. Kb1 Kc5 68. Kc1 Bb5 69. Bd5 Bxd3 70. Kd1 Bc4 71. Ba8 Bb5 0-1


[Site "https://www.chess.com"]

[Event "Titled Tuesday Blitz November 15 Early 2022"]
[White "Kopczynski, Michal"]
[Black "Sanchez, Robert"]
[WhiteFideId "1124200"]
[BlackFideId "2034360"]
[WhiteElo "2235"]
[BlackElo "2315"]
[Result "1-0"]
[Round "10"]
[TimeControl "180+1"]
[Date "2022.11.16"]
[WhiteClock "0:02:03"]
[BlackClock "0:02:02"]

1. e4 d5 2. e5 c5 3. f4 Nc6 4. Nf3 Bf5 5. c3 d4 6. cxd4 cxd4 7. Bb5 Rc8 8. Qa4 d3 9. Nc3 e6 10. Nd4 Qb6 11. Nxf5 exf5 12. Bxd3 Ne7 13. Qb5 Qc7 14. O-O a6 15. Qa4 b5 16. Qxa6 1-0


[Site "https://www.chess.com"]

[Event "Titled Tuesday Blitz November 15 Early 2022"]
[White "Kopylov, Alexander A."]
[Black "Todorovic, Bojan"]
[WhiteFideId "4164857"]
[BlackFideId "917087"]
[WhiteElo "2436"]
[BlackElo "2266"]
[Result "1-0"]
[Round "10"]
[TimeControl "180+1"]
[Date "2022.11.16"]
[WhiteClock "0:00:26"]
[BlackClock "0:00:11"]

1. e4 c5 2. Nf3 Nc6 3. Bb5 g6 4. O-O Bg7 5. Re1 Nf6 6. Nc3 O-O 7. h3 d6 8. Bxc6 bxc6 9. e5 Nd5 10. exd6 exd6 11. Ne4 h6 12. d3 Be6 13. Rb1 Re8 14. c4 Nf6 15. Nc3 Bf5 16. Be3 d5 17. Bxc5 dxc4 18. Rxe8+ Qxe8 19. Ne1 cxd3 20. g4 Ne4 21. gxf5 Nxc5 22. fxg6 fxg6 23. Qg4 Rd8 24. Qc4+ Qe6 25. Qxc5 Bxc3 26. Nf3 d2 27. bxc3 d1=Q+ 28. Rxd1 Rxd1+ 29. Kg2 Qd5 30. Qxa7 Rd3 31. Qb8+ Kf7 32. Qc7+ Kf6 33. Qf4+ Qf5 34. Qh4+ Kf7 35. Qc4+ Qd5 36. Qxd3 1-0


[Site "https://www.chess.com"]

[Event "Titled Tuesday Blitz November 15 Early 2022"]
[White "Korchmar, Vasiliy"]
[Black "Manelyuk, Daniil"]
[WhiteFideId "24131750"]
[BlackFideId "44173920"]
[WhiteElo "2737"]
[BlackElo "2570"]
[Result "1-0"]
[Round "10"]
[TimeControl "180+1"]
[Date "2022.11.16"]
[WhiteClock "0:00:11"]
[BlackClock "0:00:05"]

1. e4 e6 2. d4 d5 3. e5 c5 4. c3 Nc6 5. Nf3 Qb6 6. Be2 Bd7 7. O-O Nh6 8. Bxh6 gxh6 9. Qd2 Bg7 10. Na3 O-O 11. Nc2 f6 12. exf6 Rxf6 13. Ne3 Raf8 14. Ng4 Rf4 15. Nge5 Nxe5 16. Nxe5 Bxe5 17. dxe5 Bb5 18. Bxb5 Qxb5 19. g3 Re4 20. Qxh6 Rxe5 21. Rae1 Rxe1 22. Rxe1 Qxb2 23. Qxe6+ Kh8 24. Qe5+ Kg8 25. Qxd5+ Kh8 26. Qe5+ Kg8 27. Qxc5 Qxa2 28. Re7 Qb1+ 29. Kg2 Qg6 30. Qd5+ Kh8 31. Rxb7 a6 32. Ra7 Qb6 33. Qe5+ Qf6 34. Qxf6+ Rxf6 35. c4 Rc6 36. c5 Rxc5 37. Rxa6 Kg7 38. h3 Rc2 39. g4 h6 40. Kg3 Rc3+ 41. f3 Rc4 42. f4 Rc3+ 43. Kh4 Rc4 44. Ra7+ Kf6 45. Ra6+ Kg7 46. f5 Rc3 47. Ra7+ Kf6 48. Rh7 Ke5 49. Rxh6 Kf4 50. f6 Rc7 51. Kh5 Ke5 52. Kg6 Ke6 53. g5 Rc8 54. Rh7 Rg8+ 55. Rg7 Rh8 56. Re7+ Kd6 57. Re3 Rg8+ 58. Kf5 Rh8 59. f7 Rf8 60. g6 Ra8 61. g7 Ra5+ 62. Kf6 Ra6 63. f8=Q+ Kd5+ 64. Kf5 Rc6 65. Qd8+ Kc5 66. Rc3+ Kb4 67. Rxc6 Kb5 68. Qb6+ Ka4 69. Rc1 Ka3 70. Ra1# 1-0


[Site "https://www.chess.com"]

[Event "Titled Tuesday Blitz November 15 Early 2022"]
[White "Korelskiy, Egor"]
[Black "Zanette, Edgard Vinicius"]
[WhiteFideId "34329064"]
[BlackFideId "2109263"]
[WhiteElo "2043"]
[BlackElo "2211"]
[Result "1/2-1/2"]
[Round "10"]
[TimeControl "180+1"]
[Date "2022.11.16"]
[WhiteClock "0:00:38"]
[BlackClock "0:00:46"]

1. e4 c5 2. Nf3 d6 3. d4 cxd4 4. Nxd4 Nf6 5. Nc3 a6 6. h3 Nc6 7. g4 Qb6 8. Nb3 h6 9. Be3 Qc7 10. Bg2 e6 11. O-O Be7 12. Re1 g5 13. Qe2 e5 14. Nd5 Nxd5 15. exd5 Nb8 16. c4 b6 17. Be4 Nd7 18. Bf5 Nc5 19. Bxc8 Rxc8 20. Nd2 a5 21. a3 a4 22. Rac1 O-O 23. Bxc5 bxc5 24. Ne4 f5 25. Ng3 f4 26. Nf5 Rf6 27. f3 Bf8 28. Qc2 Qa7 29. Rb1 Rb8 30. Kg2 Rf7 31. h4 Rb3 32. hxg5 hxg5 33. Rh1 Rh7 34. Rxh7 Qxh7 35. Rh1 Qb7 36. Rb1 Qh7 37. Rh1 Qb7 38. Rb1 Qh7 1/2-1/2


[Site "https://www.chess.com"]

[Event "Titled Tuesday Blitz November 15 Early 2022"]
[White "Koridze, Lile"]
[Black "Lauridsen, Jesper Morch"]
[WhiteFideId "13612514"]
[BlackFideId "1401890"]
[WhiteElo "2050"]
[BlackElo "2218"]
[Result "0-1"]
[Round "10"]
[TimeControl "180+1"]
[Date "2022.11.16"]
[WhiteClock "0:00:03"]
[BlackClock "0:00:05"]

1. d4 d5 2. c4 e6 3. Nf3 c5 4. cxd5 exd5 5. g3 Nc6 6. Bg2 Nf6 7. O-O cxd4 8. Nxd4 Bc5 9. Nxc6 bxc6 10. Nc3 O-O 11. Qc2 Bb6 12. Bg5 h6 13. Bf4 Re8 14. Na4 Bg4 15. Rfe1 Rc8 16. h3 Bh5 17. g4 Bg6 18. Qc1 Be4 19. Nc5 Bxg2 20. Kxg2 Ne4 21. b4 Qf6 22. Nd7 Qh4 23. Bg3 Nxg3 24. fxg3 Qe7 25. Nxb6 Qe4+ 26. Kh2 axb6 27. Qf4 Qxf4 28. gxf4 Re4 29. b5 cxb5 30. Rab1 Rc2 31. Rxb5 Rcxe2+ 32. Rxe2 Rxe2+ 33. Kg3 Rxa2 34. Rxb6 Ra3+ 35. Kg2 d4 36. Rd6 d3 37. Kf2 g6 38. h4 Kg7 39. Ke3 d2+ 40. Kxd2 Rh3 41. g5 Rxh4 42. Ke3 h5 43. Kf3 Rh3+ 44. Kg2 Rc3 45. Rd4 h4 46. Ra4 Rg3+ 47. Kf2 Kf8 48. Ra7 Rc3 49. Ra8+ Ke7 50. Rh8 h3 51. Kg1 Ke6 52. Kh2 Kf5 53. Rh7 Kxf4 54. Rxf7+ Kxg5 55. Rh7 Kg4 56. Rd7 Rc2+ 57. Kh1 g5 58. Rd3 Kh4 59. Rd8 g4 60. Rd1 Rf2 61. Rg1 g3 62. Rc1 g2+ 63. Kg1 Rf4 64. Ra1 Kg3 65. Ra3+ Rf3 66. Rxf3+ Kxf3 67. Kh2 Kf2 68. Kxh3 g1=Q 69. Kh4 Qg6 70. Kh3 Qg3# 0-1


[Site "https://www.chess.com"]

[Event "Titled Tuesday Blitz November 15 Early 2022"]
[White "Kostiukov, Alexandr"]
[Black "Kiseljova, Marya"]
[WhiteFideId "14108100"]
[BlackFideId "4155009"]
[WhiteElo "2202"]
[BlackElo "1907"]
[Result "1-0"]
[Round "10"]
[TimeControl "180+1"]
[Date "2022.11.16"]
[WhiteClock "0:00:32"]
[BlackClock "0:00:02"]

1. g3 d5 2. Bg2 Nf6 3. d3 c6 4. e4 e5 5. Qe2 dxe4 6. dxe4 Nbd7 7. Nf3 Be7 8. O-O O-O 9. b3 Qc7 10. Bb2 Re8 11. Nbd2 b5 12. a4 Rb8 13. h3 a6 14. Nh4 Nc5 15. axb5 axb5 16. Nf5 Bf8 17. Qe3 Ne6 18. Nf3 Nd7 19. Rfd1 Bc5 20. Qd2 f6 21. Nd6 Rd8 22. Nxc8 Rbxc8 23. Qe2 Ndf8 24. h4 Qb6 25. Bh3 Ra8 26. Kg2 Rxa1 27. Rxa1 Nd4 28. Nxd4 Bxd4 29. c3 Bc5 30. b4 Bd6 31. Bc1 Bc7 32. Be3 Qb8 33. Ra6 Rd6 34. Bc5 Rd8 35. Qa2+ Kh8 36. Rxc6 Qb7 37. Qa6 Qxa6 38. Rxa6 Ng6 39. Ra7 Bb8 40. Ra8 Kg8 41. h5 Nf8 42. Kf3 Kf7 43. Bf1 Ne6 44. Bxb5 Nxc5 45. bxc5 Rc8 46. c6 Rd8 47. Bc4+ Ke7 48. Bd5 Kd6 49. c4 Kc7 50. Ra5 Kb6 51. Rb5+ Kc7 52. Rb7+ Kc8 53. Be6+ Rd7 54. Bxd7+ Kd8 55. Rxb8+ Kc7 56. Rb7+ 1-0


[Site "https://www.chess.com"]

[Event "Titled Tuesday Blitz November 15 Early 2022"]
[White "Kouskoutis, Georgios-Alexandros"]
[Black "Grapsa, Georgia"]
[WhiteFideId "4234049"]
[BlackFideId "4206436"]
[WhiteElo "2187"]
[BlackElo "1877"]
[Result "1-0"]
[Round "10"]
[TimeControl "180+1"]
[Date "2022.11.16"]
[WhiteClock "0:00:02"]
[BlackClock "0:00:01"]

1. Nf3 d5 2. g3 c6 3. Bg2 Bg4 4. O-O Nf6 5. b3 Qc8 6. Bb2 Bh3 7. c4 Bxg2 8. Kxg2 e6 9. d3 Be7 10. Nbd2 Nbd7 11. cxd5 exd5 12. e4 dxe4 13. dxe4 Qc7 14. e5 Nd5 15. e6 N7f6 16. exf7+ Kxf7 17. Ng5+ Kg8 18. Qe2 Qd7 19. Nc4 Bd6 20. Qe6+ Qxe6 21. Nxe6 Bb8 22. Na5 Kf7 23. Rfe1 b6 24. Nxc6 Bd6 25. Ng5+ Kg6 26. Nf3 Rac8 27. Nce5+ Bxe5 28. Nxe5+ Kf5 29. Rac1 Rxc1 30. Rxc1 Re8 31. f4 h5 32. Kf3 g5 33. h3 g4+ 34. hxg4+ hxg4+ 35. Kg2 Ne3+ 36. Kf2 Ned5 37. a3 Ne4+ 38. Kg2 Ne3+ 39. Kg1 Nxg3 40. Rc7 Kxf4 41. Rf7+ Nef5 42. Rf6 Rxe5 43. Bxe5+ Kxe5 44. Rf8 Ne4 45. Ra8 a5 46. Ra6 g3 47. Rxb6 Kf4 48. Rb8 Kf3 49. Rg8 Ne3 50. b4 axb4 51. axb4 Nf2 52. Rxg3+ Kxg3 53. b5 Kf3 54. b6 Nd5 55. b7 Nh3+ 56. Kh2 Nhf4 57. b8=Q Nf6 58. Qb7+ Ne4 59. Qc6 Ke3 60. Kh1 Nf2+ 61. Kg1 Ne4 62. Qc1+ Kf3 63. Qa3+ Kg4 64. Qa4 Kf3 65. Qc6 Ke3 66. Kf1 Nd2+ 67. Ke1 Nf3+ 68. Kd1 Nd4 69. Qb6 Ke4 70. Qb7+ Ke3 71. Qe7+ Nde6 72. Qd6 Kf3 73. Kd2 Ng5 74. Qc6+ Ne4+ 75. Ke1 Ke3 76. Qb6+ Kf3 77. Qg1 Nd3+ 78. Kd1 Ndf2+ 79. Kc2 Ng4 80. Qh1+ Kf4 81. Qf1+ Ke5 82. Kb2 Ngf2 83. Qb5+ Kf4 84. Kc2 Ng4 85. Qb6 Ne3+ 86. Kd3 Nd5 87. Qh6+ Kf5 88. Qh5+ Ng5 89. Kd4 Nf4 90. Qe8 Kg4 91. Qd7+ Kf3 92. Ke5 Ne4 93. Qd1+ Ne2 94. Qd3+ 1-0


[Site "https://www.chess.com"]

[Event "Titled Tuesday Blitz November 15 Early 2022"]
[White "Kryakvin, Dmitry"]
[Black "Ronka, Erik"]
[WhiteFideId "4153278"]
[BlackFideId "505080"]
[WhiteElo "2414"]
[BlackElo "2264"]
[Result "1/2-1/2"]
[Round "10"]
[TimeControl "180+1"]
[Date "2022.11.16"]
[WhiteClock "0:00:05"]
[BlackClock "0:00:06"]

1. d4 d5 2. c4 e6 3. Nf3 Nf6 4. Nc3 c6 5. e3 Nbd7 6. Be2 dxc4 7. a4 Bd6 8. Nd2 O-O 9. Nxc4 Bc7 10. b3 Nb6 11. Ba3 Re8 12. Ne5 Nfd7 13. f4 Nd5 14. Nxd5 exd5 15. Bd3 Nf8 16. Qh5 g6 17. Qh6 Bd6 18. Bxd6 Qxd6 19. Kf2 f6 20. Nf3 Bg4 21. Rhe1 Bxf3 22. gxf3 Re7 23. Re2 f5 24. h4 Qf6 25. Rh1 Rae8 26. h5 Qg7 27. Qg5 Ne6 28. Qg3 Nxd4 29. Ree1 Nxb3 30. hxg6 hxg6 31. Reg1 Nc5 32. Bxf5 Rxe3 33. Qxg6 Re2+ 34. Kg3 Qxg6+ 35. Bxg6 Rf8 36. f5 Kg7 37. Rh7+ Kf6 38. Rgh1 d4 39. R1h6 Kg5 40. f4+ Kf6 41. Bh5+ Kxf5 42. Bxe2 d3 43. Bg4+ Ke4 44. Re7+ Kd4 45. Rd6+ Kc3 46. Re5 Nb3 47. Re3 Nc1 48. Rd7 c5 49. Rxb7 c4 50. Rxa7 Nb3 51. Rc7 Kd2 52. Re4 c3 53. Rb4 Nc1 54. f5 c2 55. Rd4 Nb3 56. Rdd7 c1=Q 57. Rxc1 Nxc1 58. a5 Ne2+ 59. Bxe2 Kxe2 60. Kf4 d2 61. Re7+ Kf1 62. Rd7 Ke1 63. Re7+ Kf1 64. Rd7 Ke1 65. Re7+ Kf1 1/2-1/2


[Site "https://www.chess.com"]

[Event "Titled Tuesday Blitz November 15 Early 2022"]
[White "Kula, Robert"]
[Black "Vlassov, Nikolai"]
[WhiteFideId "1101218"]
[BlackFideId "4103360"]
[WhiteElo "2184"]
[BlackElo "2324"]
[Result "1-0"]
[Round "10"]
[TimeControl "180+1"]
[Date "2022.11.16"]
[WhiteClock "0:00:44"]
[BlackClock "0:00:13"]

1. e4 Nc6 2. d4 d5 3. exd5 Qxd5 4. c3 Nf6 5. Nf3 Bg4 6. Be2 O-O-O 7. O-O e5 8. c4 Qd6 9. d5 Bxf3 10. Bxf3 Nd4 11. Nc3 Kb8 12. Be3 c5 13. dxc6 Nxf3+ 14. Qxf3 Qxc6 15. Qg3 Bd6 16. Nb5 a6 17. Nxd6 Qxd6 18. Qxg7 Qe6 19. Qg3 Rhg8 20. Qf3 Ng4 21. b3 f5 22. h3 Nf6 23. Rad1 Rde8 24. Rfe1 Ne4 25. Bc1 Rg6 26. Rxe4 fxe4 27. Qxe4 Reg8 28. g3 Qxh3 29. Qxe5+ Ka8 30. Bf4 h5 31. Qe7 Qc8 32. Kf1 Qh3+ 33. Kg1 Qc8 34. Qd7 Qc5 35. Qd4 Qa3 36. Be3 b6 37. Qe4+ Kb8 38. Bf4+ 1-0


[Site "https://www.chess.com"]